 Dungeon Sprint DCSS version 0.32-a0-571-gec57dfcd37 (webtiles) character file.

Game seed: 12267292061092798246

116 rocky1 the Basher (level 4, -4/44 HPs)
             Began as a Mountain Dwarf Fighter on Mar 1, 2024.
             Slain by a shadow (15 damage)
             ... in the Dungeon (Sprint III: "The Ten Rune Challenge").
             The game lasted 00:01:00 (533 turns).

rocky1 the Basher (Mountain Dwarf Fighter)           Turns: 533, Time: 00:01:00

Health: -4/44      AC:  7    Str: 21    XL:     4   Next: 69%
Magic:  4/4        EV:  9    Int:  8    God:
Gold:   18         SH:  5    Dex:  9    Spells: 3/3 levels left

rFire   . . .        a - +0 flail
rCold   . . .        c - +0 buckler
rNeg    . . .        b - +0 scale mail
rPois   .            (helmet restricted)
rElec   .            (no cloak)
rCorr   .            (no gloves)
SInv    .            (no boots)
Will    +....        (no amulet) Stlth
                     (no ring)
HPRegen 0.27/turn    (no ring)
MPRegen 0.09/turn

%: no teleportation
@: no status effects
A: runic magic, artefact enchanting, beak, strong-willed 1, shaggy fur 1,
evolution 1
a: no special abilities


You were in the Dungeon.
You visited 1 branch You collected 18 gold pieces.

Inventory:

Hand Weapons
 a - a +0 flail (weapon)
Armour
 b - a +0 scale mail (worn)
 c - a +0 buckler (worn)
Scrolls
 j - 2 scrolls of blinking
 l - a scroll of torment {unknown}
 m - 3 scrolls of identify
 o - a scroll of immolation {unknown}
Potions
 d - a potion of might
 e - a potion of curing
 f - a potion of heal wounds
 g - a potion of haste
 h - 2 potions of magic
 i - a potion of berserk rage
 k - 2 potions of mutation
 n - 2 potions of enlightenment {unknown}


   Skills:
 + Level 6.0 Fighting
 * Level 8.2 Maces & Flails
 - Level 3.4 Armour
 + Level 6.0 Shields


You had 3 spell levels left.
You didn't know any spells.
Your spell library was empty.

Dungeon Overview and Level Annotations

Branches:
Dungeon (1/1)

Altars:


Innate Abilities, Weirdness & Mutations

Your spellcasting is much less encumbered by armour.
You can use scrolls of enchantment on lesser artefacts.
You have a beak for a mouth.
You are strong-willed. (Will+)
You are covered in fur. (AC +1)
You have hidden genetic potential.


Message History

You start resting.
HP restored.
You start waiting.
Done waiting.
A shadow comes into view.
There is an open door here.
You closely miss the shadow. You peck the shadow, but do no damage.
The shadow hits you.
You barely miss the shadow. The shadow hits you.
You sock the shadow! You peck the shadow, but do no damage.
The shadow is moderately damaged.
The shadow slips into darkness.
The shadow flickers and vanishes!
Deactivating autopickup; reactivate with Ctrl-A.
You sock something! Your peck misses something.
The shadow strikes at you from the darkness!
Reactivating autopickup.
The shadow slips into darkness.
The shadow flickers and vanishes!
Deactivating autopickup; reactivate with Ctrl-A.
You hit something but do no damage. Your peck misses something.
The shadow strikes at you from the darkness!
Reactivating autopickup.
You hit the shadow.
The shadow is almost destroyed.
The shadow slips into darkness.
The shadow flickers and vanishes!
Deactivating autopickup; reactivate with Ctrl-A.
You barely miss something.
The shadow strikes at you from the darkness!
* * * LOW HITPOINT WARNING * * *
Reactivating autopickup.
You hit the shadow. Your peck misses the shadow.
The shadow is almost destroyed.
The shadow slips into darkness.
The shadow flickers and vanishes!
Deactivating autopickup; reactivate with Ctrl-A.
You closely miss something.
The shadow strikes at you from the darkness!
You die...

▓ ▓▓▓ ♣♣ ♣.# .♣
♣♣.# .♣ ♣..# ♣♣
♣..###+#+###+## ♣♣
♣..#..........#
~♣♣♣♣.'.⌠........#
~~~♣♣.#...######@#
~~....#.⌠.# #.{.#
~.....#...# #...#
......#+### #...#
......# #...+
......# +...#
▓▓▓▓▓▓▓ ▓▓▓▓▓


There were no monsters in sight!

Vanquished Creatures
  A water elemental (D)
  A jelly (D)
  A human (D)
  A phantom (D)
  4 rats (D)
8 creatures vanquished.

Notes
Turn   | Place    | Note
-------+----------+-------------------------------------------
     0 | D        | rocky1 the Mountain Dwarf Fighter began the quest for the
                  | Orb.
     0 | D        | Reached XP level 1. HP: 19/19 MP: 1/1
    21 | D        | Reached skill level 3 in Maces & Flails
    53 | D        | Reached skill level 4 in Maces & Flails
    80 | D        | Reached skill level 5 in Maces & Flails
    80 | D        | Reached XP level 2. HP: 5/28 MP: 2/2
   203 | D        | Gained mutation: You are covered in fur. (AC +1) [potion of
                  | mutation]
   203 | D        | Gained mutation: You have a beak for a mouth. [potion of
                  | mutation]
   203 | D        | Gained mutation: You have hidden genetic potential. [potion
                  | of mutation]
   230 | D        | Noticed a water elemental
   235 | D        | Killed a water elemental
   236 | D        | Reached skill level 5 in Fighting
   236 | D        | Reached skill level 7 in Maces & Flails
   236 | D        | Reached skill level 5 in Shields
   236 | D        | Reached XP level 3. HP: 36/36 MP: 3/3
   236 | D        | Reached XP level 4. HP: 42/42 MP: 4/4
   246 | D        | Gained mutation: You are strong-willed. (Will+) [hidden
                  | potential]
   410 | D        | Reached skill level 8 in Maces & Flails
   524 | D        | Noticed a shadow
   533 | D        | Slain by a shadow

Illustrated notes

Levels and vault maps discovered:
D:        dungeon_sprint_mu [sprint_mu_entry_forest, sprint_mu_temple_rooms,
          sprint_mu_d1_spiders, sprint_mu_d2_genie, sprint_mu_d3_branching,
          sprint_mu_orc_legion, sprint_mu_elf_gauntlet, sprint_mu_hive_nellie,
          sprint_mu_lair_fedhas, sprint_mu_vaults_butterflies,
          sprint_mu_slime_circle, sprint_mu_shoals_kraken,
          sprint_mu_snake_twists, sprint_mu_blade_basic,
          sprint_mu_crypt_chambers, sprint_mu_tomb_spiral,
          sprint_mu_vestibule_basic, sprint_mu_gehenna_hellfire,
          sprint_mu_dis_giant, sprint_mu_tartarus_statrot,
          sprint_mu_cocytus_islands, sprint_mu_zot1]

Skill      XL: |  1  2  3  4 |
---------------+-------------+-----
Maces & Flails | 5 7 8 |  8.2
Fighting       | 4 5 6 |  6.0
Shields        | 4 5 6 |  6.0
Armour         | |  3.4

Action                     |  1- 3 |  4- 6 || total
---------------------------+-------+-------++-------
  Melee: Flail             |    32 |    12 ||    44
         Peck              |     1 |     3 ||     4
    Use: Potion            |     2 |       ||     2
 Armour: Scale mail        |    16 |     7 ||    23
  Dodge: Dodged            |    14 |     1 ||    15
  Block: Buckler           |     3 |       ||     3

Table legend: (Time is in decaauts)
 A = Elapsed time spent in this place.
 B = Non-inter-level travel time spent in this place.
 C = Inter-level travel time spent in this place.
 D = Time resting spent in this place.
 E = Time spent auto-exploring this place.
 F = Levels seen in this place.
 G = Mean time per level.
                   A        B        C        D        E       F      G
               +--------+--------+--------+--------+--------+-----+--------+
         Total |    555 |    555 |      0 |    383 |      0 |   1 |  555.0 |
       Dungeon |    555 |    555 |      0 |    383 |      0 |   1 |  555.0 |
               +--------+--------+--------+--------+--------+-----+--------+

Top non-repeatable levels by time:
       D: 555 daAuts
